 Dungeon Crawl Stone Soup version 0.27.1-33-g824d729ab1 (webtiles) character file.

Game seed: 5366718644320895620

53 potato4science the Sneak (level 3, -1/23 HPs)
             Began as an Octopode Hedge Wizard on Dec 17, 2021.
             Killed from afar by Natasha (6 damage)
             ... with a magic dart
             ... on level 2 of the Dungeon.
             The game lasted 00:08:43 (2483 turns).

potato4science the Sneak (Octopode Hedge Wizard)    Turns: 2483, Time: 00:08:44

Health: -1/23      AC:  1    Str:  9    XL:     3   Next: 87%
Magic:  7/7        EV: 13    Int: 17    God:
Gold:   94         SH:  0    Dex: 11    Spells: 4/8 levels left

rFire    . . .     SeeInvis .   a - +0 dagger
rCold    . . .     Faith    .   (no shield)
rNeg     . . .     Spirit   .   b - +0 hat
rPois    .         Reflect  .   (no amulet)
rElec    .         Harm     .   (no ring)
rCorr    .         Rampage  .   (no ring)
Will     .....                  (no ring)
Stlth    ++++......             (no ring)
HPRegen  0.07/turn              (no ring)
MPRegen  0.10/turn              (no ring)
                                (no ring)
                                (no ring)

@: no status effects
A: almost no armour, amphibious, 8 rings, camouflage 1, gelatinous body 1,
(nimble swimmer 1), tentacles
a: no special abilities


You were on level 2 of the Dungeon.
You visited 1 branch of the dungeon, and saw 2 of its levels.

You collected 94 gold pieces.

Inventory:

Hand Weapons
 a - a +0 dagger (weapon)
Missiles
 d - a throwing net
Armour
 b - a +0 hat (worn)
Scrolls
 c - a scroll of amnesia {unknown}
 e - a scroll of immolation {unknown}
 f - a scroll of identify {unknown}
 g - a scroll of enchant armour {unknown}
 h - a scroll of noise {unknown}


   Skills:
 - Level 1.0 Fighting
 - Level 1.0 Short Blades
 - Level 2.0 Dodging
 - Level 5.0 Stealth
 - Level 3.0 Spellcasting
 - Level 1.0 Conjurations
 - Level 1.0 Summonings
 - Level 1.0 Translocations
 + Level 0.5 Transmutations


You had 4 spell levels left.
You knew the following spells:

 Your Spells              Type           Power      Damage    Failure   Level
a - Magic Dart            Conj           20%        1d4       12%         1
b - Beastly Appendage     Tmut           8%         N/A       14%         1
c - Blink                 Tloc           N/A        N/A       17%         2

Your spell library contained the following spells:

 Spells                   Type           Power      Damage    Failure   Level
 Call Imp                 Summ           5%         N/A       17%         2
 Wereblood                Tmut           4%         N/A       22%         2
 Slow                     Hex            2%         N/A       26%         2
 Conjure Flame            Conj/Fire      4%         6-21      38%         3
 Mephitic Cloud           Conj/Pois/Air  3%         N/A       41%         3
 Spider Form              Tmut/Pois      1%         N/A       43%         3


Dungeon Overview and Level Annotations

Branches:
Dungeon (2/15)

Altars:

Annotations:
D:2 Natasha, Sigmund, Terence


Innate Abilities, Weirdness & Mutations

You cannot wear most types of armour.
You are amphibious.
You can wear up to eight rings at the same time.
Your skin changes colour to match your surroundings (Stealth+).
Your rubbery body absorbs attacks. (AC +1, EV +1)
((You are camouflaged near water. (Stealth+)))
You have tentacles for arms and can constrict up to eight enemies at once.


Message History

The bat hits you.
You see here a frilled lizard skeleton.
The bat barely misses you. The bat hits you.
The bat hits you but does no damage. The bat hits you but does no damage.
The bat completely misses you. The bat closely misses you.
The bat barely misses you. The bat barely misses you.
You open the door.
A bat comes into view.
The rat bites you.
Sigmund the Dreaded comes into view.
He is wielding a +0 scythe.
There is an open door here.
The endoplasm quivers.
The bat hits you but does no damage.
You see here 6 gold pieces.
The bat barely misses you.
You open the door.
Natasha, Servant of Life and Death comes into view.
The bat hits you. The rat bites you. The bat hits you.
The bat closely misses you.
There is an open door here.
The bat hits you.
The helpless Natasha fails to defend herself.
You puncture Natasha! Your grab misses Natasha.
Natasha is almost dead.
The rat barely misses you. Natasha claws you.
* * * LOW HITPOINT WARNING * * *
You hit Natasha but do no damage. Your grab misses Natasha.
You squeeze Natasha, but do no damage.
Natasha is almost dead.
The rat barely misses you. Natasha closely misses you.
You closely miss Natasha. Your grab misses Natasha.
Natasha is almost dead.
The rat closely misses you.
Natasha stares at you and mumbles some strange words.
The magic dart hits you.
You die...

... #.# #.# #.# #. #.#
##.###########.#
.............#h#
.............#@#
.............#r#
(..........J.#b#
.......!..!..#@#######.
.............bJ........
.............$.........
.....................@.
.......................
...$...................
#


You could see Terence, Natasha, an endoplasm, 2 bats and a rat.

Vanquished Creatures
  An adder (D:2)
  4 orcs (D:2)
  3 bats (D:1)
  3 endoplasms
  3 giant cockroaches
  4 goblins (D:1)
  2 hobgoblins (D:1)
  4 jackals (D:1)
  3 kobolds
  A quokka (D:1)
  3 ball pythons (D:1)
  A frilled lizard (D:2)
  2 rats (D:1)
34 creatures vanquished.

Notes
Turn   | Place    | Note
-------+----------+-------------------------------------------
     0 | D:1      | potato4science the Octopode Hedge Wizard began the quest
                  | for the Orb.
     0 | D:1      | Reached XP level 1. HP: 11/11 MP: 4/4
   115 | D:1      | Reached skill level 3 in Stealth
   476 | D:1      | Reached XP level 2. HP: 12/17 MP: 3/6
   673 | D:1      | Reached skill level 4 in Stealth
   741 | D:1      | Learned a level 1 spell: Beastly Appendage
   744 | D:1      | Learned a level 2 spell: Blink
  1005 | D:1      | Found a faded altar of an unknown god.
  1011 | D:1      | Reached XP level 3. HP: 21/21 MP: 3/7
  1023 | D:1      | Reached skill level 5 in Stealth
  1937 | D:2      | Reached skill level 1 in Fighting
  1937 | D:2      | Reached skill level 1 in Short Blades
  2194 | D:2      | Noticed Terence
  2470 | D:2      | Noticed Sigmund
  2476 | D:2      | Noticed Natasha
  2483 | D:2      | Killed from afar by Natasha

Illustrated notes

Levels and vault maps discovered:
D:1:      roderic_chinese_lattice_arrival, layout_basic, basic_ecumenical_altar
D:2:      layout_basic, uniq_natasha, uniq_sigmund, uniq_terence

Skill      XL: |  1  2  3 |
---------------+----------+-----
Stealth        | 3 4 5 |  5.0
Fighting       | 1 |  1.0
Short Blades   | 1 |  1.0
Dodging        | |  2.0
Spellcasting   | |  3.0
Conjurations   | |  1.0
Summonings     | |  1.0
Translocations | |  1.0
Transmutations | |  0.5

Action                   || total
-------------------------++-------
Melee: Dagger            ||    49
       Constrict         ||    10
       Tentacles         ||     5
 Cast: Magic Dart        ||    39
 Stab: Sleeping          ||    12
Armor: Skin              ||    11
Dodge: Dodged            ||    68
